 Dungeon Crawl Stone Soup version 0.31.0-32-g396128a36d (webtiles) character file.

Game seed: 13975660182232709347

1355 ChadusMaximus the Summoner (level 8, 0/64 HPs)
             Began as a Barachi Summoner on Mar 9, 2024.
             Killed by nerve-wracking pain
             ... invoked by Menkaure
              (13 damage)
             ... on level 5 of the Dungeon.
             The game lasted 00:05:31 (5037 turns).

ChadusMaximus the Summoner (Barachi Summoner)       Turns: 5037, Time: 00:05:31

Health: 0/64       AC:  5    Str:  9    XL:     8   Next: 63%
Magic:  11/16      EV: 12    Int: 18    God:
Gold:   281        SH:  0    Dex: 13    Spells: 8/18 levels left

rFire   . . .        s - +2 quarterstaff (chaos)
rCold   . . .        (shield currently unavailable)
rNeg    . . .        a - +0 robe
rPois   .            (no helmet)
rElec   .            l - +1 cloak
rCorr   .            w - +0 pair of gloves
SInv    .            (no boots)
Will    .....        (no amulet)
Stlth   ++           (no ring)
HPRegen 0.30/turn    (no ring)
MPRegen 0.15/turn

%: no passive effects
@: unable to hop, inugami summoned, slow
A: amphibious, slowness 1, strong legs 1, +LOS
a: Hop


You were on level 5 of the Dungeon.
You visited 1 branch of the dungeon, and saw 5 of its levels.

You collected 281 gold pieces.

Inventory:

Hand Weapons
 d - a +1 dagger of holy wrath
 e - a +0 spear
 s - a +2 quarterstaff of chaos (weapon)
Missiles
 n - a throwing net
Armour
 a - a +0 robe (worn)
 c - a +1 pair of gloves
 l - a +1 cloak (worn)
 w - a +0 pair of gloves (worn)
Jewellery
 k - a ring of fire
 x - a ring of flight
Wands
 i - a wand of iceblast (11)
 r - a wand of mindburst (13)
Scrolls
 f - a scroll of poison {unknown}
 h - 2 scrolls of enchant weapon {unknown}
 j - a scroll of immolation {unknown}
 o - 5 scrolls of identify {unknown}
Potions
 b - a potion of magic
 g - a potion of enlightenment {unknown}
 m - a potion of cancellation {unknown}
 p - 2 potions of curing {unknown}
 q - a potion of mutation {unknown}
 t - a potion of berserk rage {unknown}
 u - a potion of haste {unknown}
 v - a potion of resistance {unknown}


   Skills:
 + Level 5.8 Fighting
 - Level 2.1 Dodging
 - Level 1.7 Stealth
 + Level 5.5 Spellcasting
 * Level 10.0 Summonings


You had 8 spell levels left.
You knew the following spells:

 Your Spells              Type           Power      Damage    Failure   Level
a - Summon Small Mammal   Summ           100%       N/A       1%          1
b - Call Canine Familiar  Summ           41%        N/A       1%          3
c - Call Imp              Summ           82%        N/A       1%          2
d - Summon Lightning Spi  Summ/Air       23%        N/A       16%         4

Your spell library contained the following spells:

 Spells                   Type           Power      Damage    Failure   Level
 Sandblast                Erth           10%        2d5       13%         1
 Summon Blazeheart Golem  Fire/Summ      23%        N/A       16%         4
 Mercury Vapours          Alch/Air       10%        N/A       19%         2
 Mephitic Cloud           Conj/Alch/Air  5%         N/A       36%         3
 Passwall                 Erth           5%         N/A       36%         3
 Stone Arrow              Conj/Erth      10%        3d7       36%         3
 Brom's Barrelling Bould  Conj/Erth      5%         2d3       77%         4
 Freezing Cloud           Conj/Ice/Air   2%         6-21      98%         5


Dungeon Overview and Level Annotations

Branches:
Dungeon (5/15)
 Temple: D:4-7

Altars:

Shops:
D:5 (

Annotations:
D:5 Edmund, Menkaure


Innate Abilities, Weirdness & Mutations

You are amphibious.
You cover ground slowly.
You can hop short distances.
You have an extended range of vision and can be seen from far away.


Message History

Your inugami convulses!
Your body is wracked with pain!
* * * LOW HITPOINT WARNING * * *
Your inugami completely misses Edmund.
Your bat hits Edmund but does no damage.
Edmund barely misses your bat.
Your cerulean imp closely misses Edmund.
Menkaure hits your bat.
Your bat dies!
Your bat's corpse disappears in a puff of smoke!
Edmund hits your cerulean imp with a +0 flail of protection.
Menkaure's bandages flutter.
Your cerulean imp hits Edmund with a +0 spear.
Something hits your cerulean imp.
Your cerulean imp hits Edmund but does no damage.
Your cerulean imp barely misses Edmund.
Menkaure is nearby!
Menkaure calls on the powers of darkness!
Your body is wracked with pain!
* * * LOW HITPOINT WARNING * * *
Your cerulean imp hits Edmund but does no damage.
Casting: Summon Small Mammal (safe; 1% risk of failure)
Confirm with . or Enter, or press ? or * to list all spells.
You call for your canine familiar and it appears with a howl!
Edmund completely misses your cerulean imp.
Your cerulean imp hits Edmund with a +0 spear.
Your cerulean imp disappears in a puff of smoke!
Your inugami hits Menkaure. Menkaure attacks as he pursues you!
Menkaure completely misses you.
Casting: Call Canine Familiar (safe; 1% risk of failure)
Confirm with . or Enter, or press ? or * to list all spells.
A tiny devil pulls itself out of the air.
Your cerulean imp says, "Let's sow havoc!"
Menkaure barely misses you.
Your inugami hits Menkaure.
Unknown command.
You hit Menkaure.
Menkaure looks weaker.
Menkaure is moderately damaged.
Menkaure casts a spell at you. Pain shoots through your body!
You die...

...........#####......÷..........
..........###.[##............#...
#.####.......................#...
..##.......................####..
........))..................# #..
#......#...#####.##........## #..
##.....#...##.#..##........####..
###..........##.##.##..##.......
#........... #@#..##..##.......
#...........##M#..##.....#.....
##....######.(.h5....∩...###....
##.....## ##.........##........
........## ##..##..##..##........
#........###....#@.##............
.................................
...##..#...####..................
...###.##.##....###..............


You could see Edmund (distracted), Menkaure (fast, weak, ally target), a
friendly cerulean imp (summoned) and a friendly inugami (summoned).

Vanquished Creatures
  Grinder (D:3)
  A phantom (D:5)
  A howler monkey (D:5)
  A hound (D:5)
  A jelly (D:5)
  2 iguanas (D:4)
  An adder (D:5)
  A dart slug (D:1)
  8 orcs
  5 ball pythons
  7 bats
  3 endoplasms
  4 giant cockroaches
  A goblin (D:4)
  5 hobgoblins
  4 jackals
  3 kobolds
  4 quokkas
  4 rats (D:1)
57 creatures vanquished.

Vanquished Creatures (collateral kills)
  Prince Ribbit (D:5)
  Sigmund (D:3)
  A black bear (D:5)
  An ogre (D:5)
  2 scorpions
  A bombardier beetle (D:5)
  Crazy Yiuf (D:3)
  Ijyb (D:3)
  8 gnolls
  3 adders
  2 orcs (D:3)
  4 bats
  4 endoplasms
  2 hobgoblins
  3 jackals
  2 kobolds
  2 quokkas
  2 ball pythons (D:2)
  A frilled lizard (D:1)
  3 rats
45 creatures vanquished.

Vanquished Creatures (others)
  An endoplasm zombie (D:4)
1 creature vanquished.

Grand Total: 103 creatures vanquished

Notes
Turn   | Place    | Note
-------+----------+-------------------------------------------
     0 | D:1      | ChadusMaximus the Barachi Summoner began the quest for the
                  | Orb.
     0 | D:1      | Reached XP level 1. HP: 13/13 MP: 3/3
    25 | D:1      | Reached skill level 5 in Summonings
   104 | D:1      | Reached XP level 2. HP: 20/20 MP: 5/5
   171 | D:1      | Reached skill level 1 in Fighting
   364 | D:1      | Reached XP level 3. HP: 23/26 MP: 3/6
   851 | D:1      | Learned a level 3 spell: Call Canine Familiar
   854 | D:1      | Learned a level 2 spell: Call Imp
  1352 | D:2      | Reached XP level 4. HP: 32/33 MP: 2/8
  1477 | D:2      | Reached skill level 6 in Summonings
  2041 | D:3      | Found a runed translucent door.
  2042 | D:3      | Noticed Crazy Yiuf
  2160 | D:3      | Reached XP level 5. HP: 39/39 MP: 9/9
  2895 | D:3      | Noticed Grinder
  2895 | D:3      | Noticed Sigmund
  2903 | D:3      | Killed Sigmund
  2904 | D:3      | Reached skill level 7 in Summonings
  2904 | D:3      | Reached XP level 6. HP: 40/47 MP: 1/11
  2939 | D:3      | Killed Grinder
  2940 | D:3      | Reached skill level 8 in Summonings
  2940 | D:3      | Reached XP level 7. HP: 54/54 MP: 3/13
  3074 | D:3      | Noticed Ijyb
  3090 | D:3      | Killed Ijyb
  3299 | D:3      | Killed Crazy Yiuf
  4366 | D:4      | Learned a level 4 spell: Summon Lightning Spire
  4367 | D:5      | Entered Level 5 of the Dungeon
  4369 | D:5      | Noticed Prince Ribbit
  4391 | D:5      | Killed Prince Ribbit
  4392 | D:5      | Reached skill level 5 in Fighting
  4392 | D:5      | Reached skill level 5 in Spellcasting
  4392 | D:5      | Reached skill level 9 in Summonings
  4392 | D:5      | Reached XP level 8. HP: 13/62 MP: 4/15
  4619 | D:5      | Found Enek's Antique Weapon Shoppe.
  4962 | D:5      | Reached skill level 10 in Summonings
  5008 | D:5      | Noticed Edmund
  5011 | D:5      | Noticed Menkaure
  5037 | D:5      | Killed from afar by Menkaure

Illustrated notes

Levels and vault maps discovered:
D:1:      dpeg_arrival_ternary, layout_rooms, serial_bayou,
          serial_bayou_lagoon_b, serial_bayou_pond_d, serial_bayou_crossing,
          serial_bayou_shore_b
D:2:      layout_loops_corners
D:3:      layout_loops_cross, roderic_batcave, uniq_ijyb, uniq_grinder,
          uniq_crazy_yiuf_cottage, uniq_sigmund
D:4:      layout_loops_ring
D:5:      layout_cave_pools, serial_shops, nicolae_square_shop,
          uniq_prince_ribbit1, uniq_edmund, uniq_menkaure

Skill      XL: |  1  2  3  4  5  6  7  8 |
---------------+-------------------------+-----
Summonings     | 5 6 7 8 9 10 | 10.0
Fighting       | 1 2 3 4 5 |  5.8
Spellcasting   | 3 4 5 |  5.5
Dodging        | |  2.1
Stealth        | |  1.7

Action                     |  1- 3 |  4- 6 |  7- 9 || total
---------------------------+-------+-------+-------++-------
  Melee: Spear             |   117 |   116 |    19 ||   252
         Unarmed           |     4 |       |       ||     4
         Punch             |       |     1 |       ||     1
         Quarterstaff      |       |       |    80 ||    80
   Cast: Summon Small Mamm |     7 |     2 |    13 ||    22
         Call Imp          |     5 |     8 |    16 ||    29
         Call Canine Famil |     2 |     8 |    10 ||    20
Ability: Hop               |       |     1 |     2 ||     3
    Use: Potion            |       |       |     2 ||     2
   Stab: Sleeping          |     3 |     5 |     3 ||    11
         Distracted        |     1 |     2 |     1 ||     4
 Armour: Robe              |    46 |    61 |    73 ||   180
  Dodge: Dodged            |    62 |    99 |    89 ||   250
